 Dungeon Crawl Stone Soup version 0.25.0-9-g26727b657a (webtiles) character file.

Game seed: 16628469628997823477

88 mopl the Insei (level 4, 1/25 HPs)
             Began as a Kobold Transmuter on June 17, 2020.
             Was an Initiate of the Shining One.
             Quit the game on level 2 of the Dungeon.
             The game lasted 00:03:13 (1283 turns).

mopl the Insei (Kobold Transmuter)                  Turns: 1283, Time: 00:03:14

Health: 1/25       AC:  4    Str:  8    XL:     4   Next: 81%
Magic:  6/8        EV: 15    Int: 20    God:    the Shining One [......]
Gold:   75         SH:  5    Dex: 13    Spells: 2/8 levels left

rFire    + . .     SeeInvis .     - Unarmed
rCold    + . .     Gourm    .   (shield restricted)
rNeg     . . .     Faith    .   k - +0 robe
rPois    +         Spirit   .   (no helmet)
rElec    +         Reflect  +   (no cloak)
rCorr    +         Harm     .   (no gloves)
MR       .....                  (boots currently unavailable)
Stlth    +.........             m - amulet of reflection
HPRegen  0.08/turn              f - +6 ring of intelligence
MPRegen  0.11/turn              (no ring)

@: lethally poisoned (1 -> -6), appendage, resistant, glowing
A: small, claws 1, talons 3, iridescent scales 1, carnivore, clumsy 1
a: End Transformation, Renounce Religion


You were on level 2 of the Dungeon.
You worshipped the Shining One.
The Shining One was noncommittal.
You were completely stuffed.
You had grown temporary talons.
You visited 1 branch of the dungeon, and saw 3 of its levels.

You collected 75 gold pieces.

Inventory:

Hand Weapons
 b - a +1 hunting sling
Missiles
 a - 12 arrows
 j - 13 stones (quivered)
Armour
 k - a +0 robe (worn)
Jewellery
 f - a +6 ring of intelligence (left claw)
 m - an amulet of reflection (around neck)
Potions
 h - a potion of resistance
Comestibles
 d - 4 rations
 i - 13 chunks of flesh


   Skills:
 - Level 1.1 Fighting
 - Level 2.4 Dodging
 * Level 4.0 Unarmed Combat
 + Level 2.8 Spellcasting
 + Level 2.6 Transmutations
 + Level 0.8 Poison Magic
 + Level 1.0 Invocations


You had 2 spell levels left.
You knew the following spells:

 Your Spells              Type           Power        Failure   Level  Hunger
a - Beastly Appendage     Tmut           ##....       4%          1    None
b - Spider Form           Tmut/Pois      #.........   22%         3    ###....
w - Sticks to Snakes      Tmut           ##......     8%          2    ##.....

Your spell library contained the following spells:

 Spells                   Type           Power        Failure   Level  Hunger
 Ice Form                 Ice/Tmut       #.......     63%         4    ####...
 Blade Hands              Tmut           ##........   80%         5    ######.


Dungeon Overview and Level Annotations

Branches:
Dungeon (3/15)

Altars:
The Shining One


Innate Abilities, Weirdness & Mutations

You are small and have problems with some larger weapons.
You are carnivorous and can eat meat at any time.
You have sharp fingernails.
You have claws for feet.
You are partially covered in iridescent scales. (AC +2)
You are clumsy. (Dex -2)


Message History

You hit the bat.
The bat is heavily wounded.
* * * LOW HITPOINT WARNING * * *
You feel sick. The bat barely misses you. x2
You hit the bat but do no damage. Your kick misses the bat.
The bat is heavily wounded.
* * * LOW HITPOINT WARNING * * *
You feel sick. The bat completely misses you. The bat closely misses you.
You hit the bat.
You kill the bat!
You feel protected.
* * * LOW HITPOINT WARNING * * *
You feel sick.
Really quaff the potion of mutation?
You feel extremely strange.
Iridescent scales grow over part of your body.
You feel clumsy.
Your fingernails lengthen.
* * * LOW HITPOINT WARNING * * *
You feel sick.
Are you sure you want to abandon this character and quit the game? (Confirm with "yes".)

..... #######....
......+....
...####...#############
##....+...+............
...####...##...#########
##.....##..+...†@.......
.#.....##.##...##.......
.......+...[....'......>
.#.....##.#######.......
+#......#.# .......
......#.#.##############
......#.#........
......#.#........
........#........


There were no monsters in sight!

Vanquished Creatures
  2 adders
  An ooze (D:3)
  2 worms (D:2)
  5 dart slugs
  4 leopard geckos
  6 bats
  3 giant cockroaches
  5 goblins
  6 hobgoblins
  A quokka (D:3)
  3 frilled lizards
  4 kobolds
  5 rats
47 creatures vanquished.

Notes
Turn   | Place    | Note
-------+----------+-------------------------------------------
     0 | D:1      | mopl the Kobold Transmuter began the quest for the Orb.
     0 | D:1      | Reached XP level 1. HP: 12/12 MP: 3/3
   124 | D:1      | Reached XP level 2. HP: 14/16 MP: 3/5
   128 | D:1      | Learned a level 2 spell: Sticks to Snakes
   664 | D:2      | Reached XP level 3. HP: 20/20 MP: 4/6
   685 | D:2      | Learned a level 3 spell: Spider Form
   700 | D:2      | Found a glowing golden altar of the Shining One.
   749 | D:2      | Became a worshipper of the Shining One
   826 | D:2      | You fall into a shaft and drop 1 floor!
   842 | D:3      | Reached XP level 4. HP: 18/25 MP: 4/8
  1126 | D:2      | Reached skill level 4 in Unarmed Combat
  1277 | D:2      | Reached skill level 1 in Invocations
  1282 | D:2      | Gained mutation: You are partially covered in iridescent
                  | scales. (AC +2) [potion of mutation]
  1282 | D:2      | Gained mutation: You are clumsy. (Dex -2) [potion of
                  | mutation]
  1282 | D:2      | Gained mutation: You have sharp fingernails. [potion of
                  | mutation]
  1282 | D:2      | HP: 1/25 [poisoned by an adder]
  1283 | D:2      | Quit the game

Illustrated notes

Levels and vault maps discovered:
D:1:      minmay_arrival_four_circles, layout_basic
D:2:      layout_basic, nicolae_tso_carved_into_rock, lemuel_doored_altar,
          chequers_ecumenical_altar_simple_redux, ashenzari_altar_1
D:3:      layout_rooms, lemuel_crystal_altar, first_ration

Skill      XL: |  1  2  3  4 |
---------------+-------------+-----
Unarmed Combat | 4 |  4.0
Invocations    | 1 |  1.0
Fighting       | |  1.1
Dodging        | |  2.4
Spellcasting   | |  2.8
Transmutations | |  2.6
Poison Magic   | |  0.8

Action                   |  1- 3 |  4- 6 || total
-------------------------+-------+-------++-------
Melee: Unarmed           |    89 |    71 ||   160
       Headbutt          |     5 |       ||     5
       Kick              |     3 |     1 ||     4
 Cast: Beastly Appendage |    15 |     1 ||    16
       Spider Form       |     2 |     2 ||     4
 Abil: End Transformatio |       |     1 ||     1
  Use: Scroll            |       |     5 ||     5
       Potion            |       |     2 ||     2
  Eat: Chunk             |     8 |     2 ||    10
Armor: Robe              |    10 |     5 ||    15
       Skin              |     2 |       ||     2
Dodge: Dodged            |    88 |    65 ||   153
Block: Other             |       |    11 ||    11
       Reflection        |       |     1 ||     1
